Construct Section Command Post
Selects Air and Sea Battlegroup
Construct Platoon Command Post
Selects Commando Section Paradrop
Unlock M3 Stuart Light Tanks
Commando Section Paradrop
Construct Company Command Post
Selects M1 Pack Howitzer Paradrop
Selects Centaur Medium Tank
Commando Section Paradrop
Selects Naval Bombardment
Selects Anti-tank Rocket Loiter
Unlock Towed 17-pounder Anti-tank Guns
17-pounder Anti-tank Gun Team
Unlock M3 Grant Medium Tanks
M1 Pack Howitzer Paradrop
Commando Section Paradrop
Commando Section Paradrop